AoeStats
← Divigofo

Arena

509148220Analyzed
1v1 RM · 6d ago on Sep 25, 2026· 50m 23s· 2 players
Game mode
Random Map
Map size
Tiny (2 player)
Population
200
Speed
Normal
Resources
Standard
Victory
Conquest
Starting age
Dark Age
Ending age
Imperial Age
RankedLock teamsTeams togetherTeam positionsShared explorationLock speedFull tech treeHidden civsTurbo modeCheats
Victory
Defeat
🇦🇲 Armenians · Armenia
1178
+15
🇨🇷 Britons · Costa Rica
1163
-15
Divigofo
11:38 Feudal Age
15:19 Castle Age
13:35 Double-Bit Axe
13:34 Horse Collar
16:40 Bow Saw
19:58 Wheelbarrow
21:24 Town Watch
22:14 Heavy Plow
22:10 Gold Mining
24:17 Hand Cart
24:12 Loom
28:17 Imperial Age
27:05 Ballistics
27:57 Fletching
28:07 Padded Archer Armor
27:33 Crossbowman
28:46 Bodkin Arrow
30:01 Chemistry
28:55 Arbalester
30:18 Bracer
30:33 Leather Archer Armor
30:42 Masonry
30:28 Man-at-Arms
30:54 Gambesons
31:12 Scale Mail Armor
31:52 Forging
31:30 Long Swordsman
34:06 Iron Casting
32:56 Two-Handed Swordsman
34:14 Architecture
34:03 Squires
33:49 Arson
35:17 Chain Mail Armor
35:39 Champion
38:27 Blast Furnace
38:53 Plate Mail Armor
43:26 Conscription
43:51 Warwolf
46:19 Two-Man Saw
46:14 Elite Longbowman
48:00 Yeomen
48:20 Elite Skirmisher
48:57 Elite Longbowman
Harrier Du Bois
10:34 Feudal Age
15:15 Castle Age
13:31 Double-Bit Axe
13:44 Horse Collar
16:27 Bow Saw
18:07 Bow Saw
19:43 Wheelbarrow
18:56 Loom
18:57 Town Watch
19:02 Loom
23:37 Fletching
23:49 Scale Mail Armor
24:32 Bodkin Arrow
24:53 Elite Skirmisher
29:06 Imperial Age
26:11 Pikeman
27:02 Gold Mining
27:07 Stone Mining
28:36 Hand Cart
28:39 Chain Mail Armor
28:25 Padded Archer Armor
28:33 Halberdier
29:04 Gambesons
29:19 Squires
30:27 Leather Archer Armor
30:15 Bracer
31:01 Conscription
33:09 Ballistics
33:50 Chemistry
33:22 Man-at-Arms
34:40 Plate Mail Armor
34:20 Forging
34:28 Long Swordsman
35:10 Two-Handed Swordsman
36:46 Iron Casting
35:45 Champion
38:06 Fereters
40:16 Gold Shaft Mining
41:39 Blast Furnace
40:54 Leather Archer Armor
40:53 Masonry
40:25 Treadmill Crane
40:56 Fortified Wall
40:42 Murder Holes
41:40 Masonry
41:11 Treadmill Crane
42:52 Guilds
43:23 Sanctity
44:14 Ring Archer Armor
46:43 Capped Ram
48:52 Scale Barding Armor
48:25 Elite Composite Bowman
49:06 Siege Ram
Connection lost

Rejoining the realm…

Still unreachable

The connection could not be restored.

Session expired

The server has moved on; the page needs a fresh start.